[Event "GambitGuide"]
[Site "Internet Chess Club"]
[Date "2014.10.31"]
[Round "1"]
[White "JSBach"]
[Black "Valai"]
[Result "1-0"]
[ICCResult "Black checkmated"]
[WhiteElo "1651"]
[BlackElo "2503"]
[Opening "Vienna: `Frankenstein-Dracula' variation"]
[ECO "C27"]
[NIC "VG.02"]
[Time "01:42:37"]
[TimeControl "120+12"]

1. e4 e5 2. Nc3 Nf6 3. Bc4 Nxe4 4. Qh5 Nd6 5. Bb3 Nc6 6. Nb5 g6 7. Qf3 f5 8.
Qd5 Qe7 9. Nxc7+ Kd8 10. Nxa8 b6 11. Ba4 Bb7 12. Nxb6 axb6 13. Qb3 Bg7 14.
Qxb6+ Kc8 15. d3 e4 16. Be3 exd3 17. Rb1 d2+ 18. Kd1 Nc4 19. Qb3 N6a5 20.
Qb5 Bxg2 21. b4 Nxe3+ 22. fxe3 Qxe3 23. Qxd7+ Kb8 24. bxa5+ Ka8 25. Bc6+
Bxc6 26. Qxc6+ Ka7 27. Qb7# {Black checkmated} 1-0

[Event "GambitGuide"]
[Site "Internet Chess Club"]
[Date "2014.10.31"]
[Round "1"]
[White "JSBach"]
[Black "Valai"]
[Result "1-0"]
[ICCResult "Black resigns"]
[WhiteElo "1634"]
[BlackElo "2503"]
[Opening "Vienna: `Frankenstein-Dracula' variation"]
[ECO "C27"]
[NIC "VG.02"]
[Time "01:43:09"]
[TimeControl "120+12"]

1. e4 e5 2. Nc3 Nf6 3. Bc4 Nxe4 4. Qh5 Nd6 5. Bb3 Nc6 6. Nb5 g6 7. Qf3 f5 8.
Qd5 Qe7 9. Nxc7+ Kd8 10. Nxa8 b6 11. Ba4 Bb7 12. Nxb6 axb6 13. Qb3 Bg7 14.
Qxb6+ Kc8 15. d3 e4 16. Be3 exd3 17. g3 Ne5 18. f3 Nxf3+ 19. Nxf3 Bxf3 20.
O-O Nc4 21. Qa6+ Bb7 22. Qxc4+ Kb8 23. Bf4+ Ka8 24. Rae1 {Black resigns} 1-0

[Event "GambitGuide"]
[Site "Internet Chess Club"]
[Date "2014.10.31"]
[Round "1"]
[White "JSBach"]
[Black "MrJoker"]
[Result "1-0"]
[ICCResult "Black resigns"]
[WhiteElo "1634"]
[BlackElo "1578"]
[Opening "Vienna: `Frankenstein-Dracula' variation"]
[ECO "C27"]
[NIC "VG.02"]
[Time "01:41:08"]
[TimeControl "120+12"]

1. e4 e5 2. Nc3 Nf6 3. Bc4 Nxe4 4. Qh5 Nd6 5. Bb3 Nc6 6. Nb5 g6 7. Qf3 f5 8.
Qd5 Qe7 9. Nxc7+ Kd8 10. Nxa8 b6 11. Ba4 Bb7 12. Nxb6 axb6 13. Qb3 Kc7 14.
Ne2 Bg7 15. O-O Re8 16. Re1 Ne4 17. Qd5 Qd6 18. Bb3 Qxd5 19. Bxd5 Nf6 20.
Bf7 Re7 21. Bc4 d5 22. Bb3 d4 23. d3 Na5 24. Nxd4 Nxb3 25. Nxb3 Kd6 26. Be3
Nd7 27. f3 Nc5 28. Nxc5 bxc5 29. Bg5 Re6 30. a4 h6 31. Bd2 e4 32. fxe4 fxe4
33. Bf4+ Kd7 34. Rab1 exd3 35. Rxe6 Kxe6 36. cxd3 Bd4+ 37. Kf1 g5 38. Re1+
Kf5 39. Be3 {Black resigns} 1-0

[Event "GambitGuide"]
[Site "Internet Chess Club"]
[Date "2014.10.31"]
[Round "1"]
[White "JSBach"]
[Black "dulcedeleche"]
[Result "1-0"]
[ICCResult "Black resigns"]
[WhiteElo "1634"]
[BlackElo "1562"]
[Opening "Vienna: `Frankenstein-Dracula' variation"]
[ECO "C27"]
[NIC "VG.02"]
[Time "01:31:03"]
[TimeControl "120+12"]

1. e4 e5 2. Nc3 Nf6 3. Bc4 Nxe4 4. Qh5 Nd6 5. Bb3 Nc6 6. Nb5 g6 7. Qf3 f5 8.
Qd5 Qe7 9. Nxc7+ Kd8 10. Nxa8 b6 11. Ba4 Bb7 12. Nxb6 axb6 13. Qb3 Kc7 14.
Ne2 Ne4 15. d3 Nc5 16. Qa3 Nxa4 17. Qxa4 Bg7 18. a3 Ra8 19. Qc4 Ra5 20. Nc3
Rc5 21. Nd5+ Kd6 22. Nxe7 Rxc4 23. Nxf5+ gxf5 24. dxc4 Nd4 25. O-O Nxc2 26.
Rb1 Nd4 27. f3 Ke6 28. Be3 d5 29. b3 Nc2 30. Bxb6 d4 31. Bc5 Ne3 32. Rfc1
Bh6 33. a4 Nxg2 34. Kxg2 Bxc1 35. Rxc1 {Black resigns} 1-0

[Event "GambitGuide"]
[Site "Internet Chess Club"]
[Date "2014.10.31"]
[Round "1"]
[White "JSBach"]
[Black "Valai"]
[Result "1-0"]
[ICCResult "Black resigns"]
[WhiteElo "1634"]
[BlackElo "2503"]
[Opening "Vienna: `Frankenstein-Dracula' variation"]
[ECO "C27"]
[NIC "VG.02"]
[Time "01:43:40"]
[TimeControl "120+12"]

1. e4 e5 2. Nc3 Nf6 3. Bc4 Nxe4 4. Qh5 Nd6 5. Bb3 Nc6 6. Nb5 g6 7. Qf3 f5 8.
Qd5 Qe7 9. Nxc7+ Kd8 10. Nxa8 b6 11. Ba4 Bb7 12. Nxb6 axb6 13. Qb3 Kc7 14.
Ne2 Bg7 15. Nc3 Nd4 16. Nd5+ Bxd5 17. Qxd5 Ne4 18. d3 Nc5 19. Qc4 Ra8 20. b3
e4 21. Bf4+ d6 22. Kd2 exd3 23. Rae1 Be5 24. Qxd4 Ne4+ 25. Rxe4 fxe4 26.
Bxe5 dxe5 27. Qxe4 Rd8 28. Qc6+ Kb8 29. Qxb6+ Ka8 30. Bc6+ {Black resigns}
1-0

[Event "GambitGuide"]
[Site "Internet Chess Club"]
[Date "2014.10.31"]
[Round "1"]
[White "JSBach"]
[Black "dbv"]
[Result "1-0"]
[ICCResult "Black resigns"]
[WhiteElo "1634"]
[BlackElo "2019"]
[Opening "Vienna: `Frankenstein-Dracula' variation"]
[ECO "C27"]
[NIC "VG.02"]
[Time "01:43:57"]
[TimeControl "120+12"]

1. e4 e5 2. Nc3 Nf6 3. Bc4 Nxe4 4. Qh5 Nd6 5. Bb3 Nc6 6. Nb5 g6 7. Qf3 f5 8.
Qd5 Qe7 9. Nxc7+ Kd8 10. Nxa8 b6 11. Ba4 Bb7 12. Nxb6 Na5 13. Qxa5 axb6 14.
Qxb6+ Kc8 15. Kf1 {Black resigns} 1-0

[Event "GambitGuide"]
[Site "Internet Chess Club"]
[Date "2014.10.31"]
[Round "1"]
[White "JSBach"]
[Black "Virtuoso"]
[Result "1-0"]
[ICCResult "Black resigns"]
[WhiteElo "1634"]
[BlackElo "1400"]
[Opening "Vienna: `Frankenstein-Dracula' variation"]
[ECO "C27"]
[NIC "VG.02"]
[Time "01:44:31"]
[TimeControl "120+12"]

1. e4 e5 2. Nc3 Nf6 3. Bc4 Nxe4 4. Qh5 Nd6 5. Bb3 Nc6 6. Nb5 g6 7. Qf3 f5 8.
Qd5 Qe7 9. Nxc7+ Kd8 10. Nxa8 b6 11. Ba4 Bb7 12. Nxb6 axb6 13. Qb3 Nc8 14.
Ne2 Bg7 15. Bb5 Qb4 16. Qf7 Qe7 17. Qxe7+ Kxe7 18. f3 Nd6 19. Ba4 b5 20. Bb3
Na5 21. d3 Nxb3 22. axb3 Ra8 23. Rxa8 Bxa8 24. b4 f4 25. d4 g5 26. h4 h6 27.
hxg5 hxg5 28. Rh7 Kf8 29. dxe5 Bxe5 30. Rxd7 Nc4 31. Rd8+ {Black resigns}
1-0

[Event "GambitGuide"]
[Site "Internet Chess Club"]
[Date "2014.10.31"]
[Round "1"]
[White "JSBach"]
[Black "dbv"]
[Result "1-0"]
[ICCResult "Black resigns"]
[WhiteElo "1634"]
[BlackElo "2019"]
[Opening "Vienna: `Frankenstein-Dracula' variation"]
[ECO "C27"]
[NIC "VG.02"]
[Time "01:44:33"]
[TimeControl "120+12"]

1. e4 e5 2. Nc3 Nf6 3. Bc4 Nxe4 4. Qh5 Nd6 5. Bb3 Nc6 6. Nb5 g6 7. Qf3 f5 8.
Qd5 Qe7 9. Nxc7+ Kd8 10. Nxa8 b6 11. Ba4 Bb7 12. Nxb6 axb6 13. Qb3 Kc7 14.
Ne2 Nd4 15. Nxd4 exd4+ 16. Kf1 Qe4 17. f3 Qe5 18. Qb4 d3 19. cxd3 Ne4 20.
Qb3 Nc5 21. Qc4 Ba6 22. Bb5 d5 23. Qb4 Nxd3 24. Qc3+ Qxc3 25. dxc3 Bxb5 26.
a4 Ba6 27. Be3 Nxb2+ 28. Ke1 Bg7 29. Bf4+ Kc6 30. Kd2 Nc4+ 31. Kd3 Rc8 32.
Rhe1 Ne5+ 33. Kc2 Nd3 34. Re6+ Kd7 35. Rd6+ Ke7 36. Rxb6 Bc4 37. Rb7+ Kf8
38. Bd6+ Kg8 39. Rab1 Nc5 40. Bxc5 Rxc5 41. Re7 Ba2 42. Rb8+ Bf8 43. Ree8
{Black resigns}
1-0

[Event "GambitGuide"]
[Site "Internet Chess Club"]
[Date "2014.10.31"]
[Round "1"]
[White "JSBach"]
[Black "Djukanyc"]
[Result "1-0"]
[ICCResult "Black resigns"]
[WhiteElo "1634"]
[BlackElo "1892"]
[Opening "Vienna: `Frankenstein-Dracula' variation"]
[ECO "C27"]
[NIC "VG.02"]
[Time "01:45:56"]
[TimeControl "120+12"]

1. e4 e5 2. Nc3 Nf6 3. Bc4 Nxe4 4. Qh5 Nd6 5. Bb3 Nc6 6. Nb5 g6 7. Qf3 f5 8.
Qd5 Qe7 9. Nxc7+ Kd8 10. Nxa8 b6 11. Ba4 Bb7 12. Nxb6 axb6 13. Qb3 Kc7 14.
Ne2 Ba6 15. Nc3 Bg7 16. Nd5+ {Black resigns} 1-0

[Event "GambitGuide"]
[Site "Internet Chess Club"]
[Date "2014.10.31"]
[Round "1"]
[White "JSBach"]
[Black "dbv"]
[Result "1-0"]
[ICCResult "Black checkmated"]
[WhiteElo "1634"]
[BlackElo "2019"]
[Opening "Vienna: `Frankenstein-Dracula' variation"]
[ECO "C27"]
[NIC "VG.02"]
[Time "01:46:55"]
[TimeControl "120+12"]

1. e4 e5 2. Nc3 Nf6 3. Bc4 Nxe4 4. Qh5 Nd6 5. Bb3 Nc6 6. Nb5 g6 7. Qf3 f5 8.
Qd5 Qe7 9. Nxc7+ Kd8 10. Nxa8 b6 11. Ba4 Bb7 12. Nxb6 axb6 13. Qb3 Nc8 14.
Ne2 Nd4 15. Nxd4 exd4+ 16. Kf1 Qg5 17. Rg1 Bd6 18. d3 Qh4 19. Qf7 Bxh2 20.
Qxd7# {Black checkmated} 1-0

[Event "GambitGuide"]
[Site "Internet Chess Club"]
[Date "2014.10.31"]
[Round "1"]
[White "JSBach"]
[Black "MrJoker"]
[Result "1-0"]
[ICCResult "Black resigns"]
[WhiteElo "1634"]
[BlackElo "1578"]
[Opening "Vienna: `Frankenstein-Dracula' variation"]
[ECO "C27"]
[NIC "VG.02"]
[Time "01:43:56"]
[TimeControl "120+12"]

1. e4 e5 2. Nc3 Nf6 3. Bc4 Nxe4 4. Qh5 Nd6 5. Bb3 Nc6 6. Nb5 g6 7. Qf3 f5 8.
Qd5 Qe7 9. Nxc7+ Kd8 10. Nxa8 b6 11. Ba4 Bb7 12. Nxb6 axb6 13. Qb3 Kc7 14.
Ne2 Ne4 15. Qb5 Qc5 16. O-O Qxb5 17. Bxb5 Bc5 18. c3 Bxf2+ 19. Rxf2 Nxf2 20.
Kxf2 g5 21. d4 exd4 22. Bxg5 dxc3 23. Nxc3 Nd8 24. Rd1 Bc6 25. Nd5+ Kb7 26.
Bxc6+ dxc6 27. Nxb6 Ne6 28. Be3 f4 29. Rd7+ Ka6 30. Bxf4 Nxf4 31. Nc4 Rf8
32. Rxh7 Nd3+ 33. Ke3 Nc1 34. a4 Re8+ 35. Kd2 Nb3+ 36. Kc3 Nc5 37. Kb4 Nd3+
38. Kc3 Nf4 39. g4 Ne2+ 40. Kb4 Nd4 41. h4 Rb8+ 42. Kc5 Rd8 43. Nd6
{Black resigns}
1-0

[Event "GambitGuide"]
[Site "Internet Chess Club"]
[Date "2014.10.31"]
[Round "1"]
[White "JSBach"]
[Black "lagarto300"]
[Result "1/2-1/2"]
[ICCResult "Game drawn by repetition"]
[WhiteElo "1642"]
[BlackElo "1899"]
[Opening "Vienna: `Frankenstein-Dracula' variation"]
[ECO "C27"]
[NIC "VG.02"]
[Time "01:52:28"]
[TimeControl "120+12"]

1. e4 e5 2. Nc3 Nf6 3. Bc4 Nxe4 4. Qh5 Nd6 5. Bb3 Nc6 6. Nb5 g6 7. Qf3 f5 8.
Qd5 Qe7 9. Nxc7+ Kd8 10. Nxa8 b6 11. Ba4 Bb7 12. Nxb6 axb6 13. Qb3 Kc7 14.
Ne2 Bg7 15. Nc3 Na5 16. Nd5+ Bxd5 17. Qxd5 Qe6 18. Qxe6 dxe6 19. b4 Nc6 20.
Bxc6 Kxc6 21. Bb2 Rg8 22. Ke2 e4 23. Bxg7 Rxg7 24. Rhe1 Nb5 25. Rac1 Ra7 26.
Ra1 Na3 27. Rac1 Nb5 28. Ra1 Na3 29. Rac1 Nb5 30. Ra1 {Game drawn by
repetition} 1/2-1/2

[Event "GambitGuide"]
[Site "Internet Chess Club"]
[Date "2014.10.31"]
[Round "1"]
[White "JSBach"]
[Black "DeepGreen"]
[Result "1-0"]
[ICCResult "Black resigns"]
[WhiteElo "1618"]
[BlackElo "2046"]
[Opening "Vienna: `Frankenstein-Dracula' variation"]
[ECO "C27"]
[NIC "VG.02"]
[Time "01:53:37"]
[TimeControl "120+12"]

1. e4 e5 2. Nc3 Nf6 3. Bc4 Nxe4 4. Qh5 Nd6 5. Bb3 Nc6 6. Nb5 g6 7. Qf3 f5 8.
Qd5 Qe7 9. Nxc7+ Kd8 10. Nxa8 b6 11. Ba4 Bb7 12. Nxb6 axb6 13. Qb3 b5 14.
Nf3 bxa4 15. Qxa4 Bg7 16. O-O e4 17. Ne1 Be5 18. d3 Nd4 19. Kh1 Bc6 20. Qa5+
Ke8 21. Bg5 Bf6 22. Bxf6 Qxf6 23. Qc5 Kf7 24. c3 Ne2 25. dxe4 Nxe4 26. Qe3
Bb5 27. Nd3 Bxd3 28. Qxd3 Nf4 29. Qxd7+ Qe7 30. Qxe7+ Kxe7 31. f3 Nc5 32. a4
Ra8 33. Rfe1+ Kf6 34. a5 Nb3 35. Ra3 Nxa5 36. Rea1 Nd3 37. Rxa5 Rxa5 38.
Rxa5 Nxb2 39. Ra7 h6 40. h4 Nd1 41. c4 Ne3 42. c5 Nd5 43. c6 Ke6 44. Rg7 Kf6
45. c7 Nb6 46. Rg8 Kf7 47. Rb8 Nd7 48. Rb5 Ke7 49. c8=Q {Black resigns} 1-0

[Event "GambitGuide"]
[Site "Internet Chess Club"]
[Date "2014.10.31"]
[Round "1"]
[White "JSBach"]
[Black "DeepGreen"]
[Result "1-0"]
[ICCResult "Black checkmated"]
[WhiteElo "1596"]
[BlackElo "2046"]
[Opening "Vienna: `Frankenstein-Dracula' variation"]
[ECO "C27"]
[NIC "VG.02"]
[Time "01:55:53"]
[TimeControl "120+12"]

1. e4 e5 2. Nc3 Nf6 3. Bc4 Nxe4 4. Qh5 Nd6 5. Bb3 Nc6 6. Nb5 g6 7. Qf3 f5 8.
Qd5 Qe7 9. Nxc7+ Kd8 10. Nxa8 b6 11. Ba4 Bb7 12. Nxb6 axb6 13. Qb3 b5 14.
Nf3 bxa4 15. Qxa4 Bg7 16. d3 e4 17. Bg5 Bf6 18. Bxf6 Qxf6 19. Nd2 exd3 20.
O-O-O dxc2 21. Rde1 Re8 22. Nf3 Ne4 23. Kxc2 Ne5 24. Qa7 Qc6+ 25. Kb1 Nxf3
26. gxf3 Nd2+ 27. Ka1 Qxf3 28. Qb6+ Kc8 29. Rxe8# {Black checkmated} 1-0

[Event "GambitGuide"]
[Site "Internet Chess Club"]
[Date "2014.10.31"]
[Round "1"]
[White "JSBach"]
[Black "lagarto300"]
[Result "0-1"]
[ICCResult "White checkmated"]
[WhiteElo "1596"]
[BlackElo "1899"]
[Opening "Vienna: `Frankenstein-Dracula' variation"]
[ECO "C27"]
[NIC "VG.02"]
[Time "01:54:48"]
[TimeControl "120+12"]

1. e4 e5 2. Nc3 Nf6 3. Bc4 Nxe4 4. Qh5 Nd6 5. Bb3 Nc6 6. Nb5 g6 7. Qf3 f5 8.
Qd5 Qe7 9. Nxc7+ Kd8 10. Nxa8 b6 11. Ba4 Bb7 12. Nxb6 axb6 13. Qb3 Kc7 14.
Ne2 Bg7 15. Qd3 e4 16. Qb3 Ra8 17. O-O Be5 18. Re1 Qh4 19. Ng3 Nd4 20. Qb4
f4 21. Nf1 f3 22. g3 Qh3 23. Ne3 N6f5 24. Qc4+ Kb8 25. Bxd7 Ka7 26. Qa4+ Ba6
27. Kh1 Rd8 28. Bxf5 Nxf5 29. Qxe4 Nxe3 30. Rg1 Ng4 31. Qxg4 Qxg4 32. Re1
Qh3 33. Rg1 Bd4 34. d3 Bxf2 35. Bg5 Re8 36. a3 Re2 37. Bf4 Bxg1 38. Bb8+ Kb7
39. Kxg1 Qg2# {White checkmated} 0-1

[Event "GambitGuide"]
[Site "Internet Chess Club"]
[Date "2014.10.31"]
[Round "1"]
[White "JSBach"]
[Black "DeepGreen"]
[Result "1-0"]
[ICCResult "Black resigns"]
[WhiteElo "1572"]
[BlackElo "2046"]
[Opening "Vienna: `Frankenstein-Dracula' variation"]
[ECO "C27"]
[NIC "VG.02"]
[Time "01:57:10"]
[TimeControl "120+12"]

1. e4 e5 2. Nc3 Nf6 3. Bc4 Nxe4 4. Qh5 Nd6 5. Bb3 Nc6 6. Nb5 g6 7. Qf3 f5 8.
Qd5 Qe7 9. Nxc7+ Kd8 10. Nxa8 b6 11. Ba4 Bb7 12. Nxb6 axb6 13. Qb3 b5 14.
Nf3 bxa4 15. Qxa4 Bg7 16. O-O e4 17. Ne1 Nd4 18. Kh1 Ne2 19. Qb4 Nxc1 20.
Rxc1 h5 21. f3 e3 22. Qb6+ Kc8 23. dxe3 Nc4 24. Qb5 Nxe3 25. Rf2 Qe5 26. c4
Qxb5 27. cxb5+ Kd8 28. a4 Re8 29. Re2 Nd5 30. Rxe8+ Kxe8 31. Nd3 Kd8 32. a5
Bd4 33. a6 Ba8 34. Rc4 Bb6 35. b4 Ne3 36. Rc1 d6 37. Nf4 g5 38. Ne6+ Ke7 39.
Nxg5 Nd5 40. Rc8 Nc7 41. h3 Kd7 42. Rb8 Ba7 43. Rf8 Bd5 44. b6 Bxb6 45. b5
Nxb5 46. Rxf5 Kc6 47. Ne4 Bxe4 48. fxe4 Nc7 49. Rxh5 Nxa6 50. g4 Nc5 51. e5
d5 52. Rh6+ Kc7 53. Rd6 d4 54. Rxd4 Ne6 55. Rd6 Nf4 56. h4 Ne2 57. g5 Ng3+
58. Kg2 Nf5 59. Rf6 Nxh4+ 60. Kg3 Nf5+ 61. Rxf5 {Black resigns} 1-0

[Event "GambitGuide"]
[Site "Internet Chess Club"]
[Date "2014.10.31"]
[Round "1"]
[White "JSBach"]
[Black "NYNH"]
[Result "1-0"]
[ICCResult "Black resigns"]
[WhiteElo "1572"]
[BlackElo "2196"]
[Opening "Vienna: `Frankenstein-Dracula' variation"]
[ECO "C27"]
[NIC "VG.02"]
[Time "01:59:24"]
[TimeControl "120+12"]

1. e4 e5 2. Nc3 Nf6 3. Bc4 Nxe4 4. Qh5 Nd6 5. Bb3 Nc6 6. Nb5 g6 7. Qf3 f5 8.
Qd5 Qe7 9. Nxc7+ Kd8 10. Nxa8 b6 11. Ba4 Bb7 12. Nxb6 axb6 13. Qb3 Kc7 14.
Ne2 Bg7 15. Nc3 Nd4 16. Nd5+ Bxd5 17. Qxd5 Qe6 18. Qxe6 dxe6 19. c3 Nc6 20.
Bb3 Re8 21. d3 e4 22. d4 e5 23. d5 Na5 24. Bc2 Ndb7 25. Bg5 Kd6 26. Ba4 Rc8
27. b4 Nc4 28. O-O-O f4 29. Bc6 Nd8 30. Bxd8 Rxd8 31. Bb5 Rc8 32. Rhe1 e3
33. Bxc4 Rxc4 34. fxe3 e4 35. Kb2 Rxc3 36. exf4 Rd3+ 37. Kc2 Rc3+ 38. Kb1 e3
39. Re2 Rc4 40. Rxe3 Rxb4+ 41. Rb3 Rxb3+ 42. axb3 Bc3 43. Kc2 Ba5 44. Rd4 b5
45. Rd3 Bb6 46. h3 Bc5 47. Kc1 h6 48. Rg3 g5 49. fxg5 Bf2 50. g6 {Black
resigns} 1-0

[Event "GambitGuide"]
[Site "Internet Chess Club"]
[Date "2014.10.31"]
[Round "1"]
[White "JSBach"]
[Black "DeepGreen"]
[Result "0-1"]
[ICCResult "White checkmated"]
[WhiteElo "1572"]
[BlackElo "2046"]
[Opening "Vienna: `Frankenstein-Dracula' variation"]
[ECO "C27"]
[NIC "VG.02"]
[Time "02:01:22"]
[TimeControl "120+12"]

1. e4 e5 2. Nc3 Nf6 3. Bc4 Nxe4 4. Qh5 Nd6 5. Bb3 Nc6 6. Nb5 g6 7. Qf3 f5 8.
Qd5 Qe7 9. Nxc7+ Kd8 10. Nxa8 b6 11. Ba4 Bb7 12. Nxb6 axb6 13. Qb3 b5 14.
Nf3 bxa4 15. Qxa4 Nd4 16. Nxd4 exd4+ 17. Kf1 Bh6 18. Qxd4 Re8 19. Qb6+ Kc8
20. Qe3 Bxe3 21. dxe3 Qe4 22. Rg1 Qxc2 23. Ke1 Ne4 24. Rf1 Ba6 25. Rg1 Qe2#
{White checkmated}
0-1

[Event "GambitGuide"]
[Site "Internet Chess Club"]
[Date "2014.10.31"]
[Round "1"]
[White "JSBach"]
[Black "NYNH"]
[Result "1-0"]
[ICCResult "Black checkmated"]
[WhiteElo "1553"]
[BlackElo "2196"]
[Opening "Vienna: `Frankenstein-Dracula' variation"]
[ECO "C27"]
[NIC "VG.02"]
[Time "02:02:05"]
[TimeControl "120+12"]

1. e4 e5 2. Nc3 Nf6 3. Bc4 Nxe4 4. Qh5 Nd6 5. Bb3 Nc6 6. Nb5 g6 7. Qf3 f5 8.
Qd5 Qe7 9. Nxc7+ Kd8 10. Nxa8 b6 11. Ba4 Bg7 12. Bxc6 dxc6 13. Qb3 Qb7 14.
Qd3 Bf8 15. f4 e4 16. Qd4 Rg8 17. Nxb6 axb6 18. b3 Qc7 19. Ba3 c5 20. Qd5
Rg7 21. Bb2 Rd7 22. Bf6+ Be7 23. Bxe7+ Kxe7 24. Qg8 Kf6 25. Ne2 Ne8 26. Qf8+
Rf7 27. Qxe8 Bd7 28. Qh8+ Ke6 29. Rd1 Bb5 30. Nc3 Bc6 31. O-O Qd6 32. d4
cxd4 33. Rxd4 Qc5 34. b4 Qe7 35. Qe5# {Black checkmated} 1-0

[Event "GambitGuide"]
[Site "Internet Chess Club"]
[Date "2014.10.31"]
[Round "1"]
[White "JSBach"]
[Black "lagarto300"]
[Result "0-1"]
[ICCResult "White checkmated"]
[WhiteElo "1553"]
[BlackElo "1899"]
[Opening "Vienna: `Frankenstein-Dracula' variation"]
[ECO "C27"]
[NIC "VG.02"]
[Time "02:01:52"]
[TimeControl "120+12"]

1. e4 e5 2. Nc3 Nf6 3. Bc4 Nxe4 4. Qh5 Nd6 5. Bb3 Nc6 6. Nb5 g6 7. Qf3 f5 8.
Qd5 Qe7 9. Nxc7+ Kd8 10. Nxa8 b6 11. Ba4 Bb7 12. Nxb6 axb6 13. Qb3 Kc7 14.
Nf3 e4 15. Ng1 Bg7 16. Ne2 Ra8 17. Nf4 Na5 18. Nd5+ Bxd5 19. Qxd5 Nc6 20.
Bb3 f4 21. O-O Rf8 22. a3 f3 23. g3 Rf5 24. Qg8 Rh5 25. Re1 Nd4 26. Kh1 Ne2
27. c3 Be5 28. Be6 dxe6 29. Qxh7 Qxh7 30. h4 Rxh4+ 31. gxh4 Qxh4#
{White checkmated}
0-1

[Event "GambitGuide"]
[Site "Internet Chess Club"]
[Date "2014.10.31"]
[Round "1"]
[White "JSBach"]
[Black "DeepGreen"]
[Result "0-1"]
[ICCResult "White checkmated"]
[WhiteElo "1534"]
[BlackElo "2046"]
[Opening "Vienna: `Frankenstein-Dracula' variation"]
[ECO "C27"]
[NIC "VG.02"]
[Time "02:03:07"]
[TimeControl "120+12"]

1. e4 e5 2. Nc3 Nf6 3. Bc4 Nxe4 4. Qh5 Nd6 5. Bb3 Nc6 6. Nb5 g6 7. Qf3 f5 8.
Qd5 Qe7 9. Nxc7+ Kd8 10. Nxa8 b6 11. Ba4 Bb7 12. Nxb6 axb6 13. Qb3 b5 14.
Nf3 bxa4 15. Qxa4 Nd4 16. Nxd4 exd4+ 17. Kf1 Bh6 18. Qxd4 Re8 19. Qb6+ Kc8
20. Qc5+ Kb8 21. Qe3 Bxe3 22. fxe3 Qg5 23. Rg1 Qh5 24. Ke1 Qxh2 25. Kf1 Ne4
26. b3 Ng3+ 27. Kf2 Nh1+ 28. Kf1 f4 29. Ba3 f3 30. Rb1 fxg2+ 31. Ke2 Ng3+
32. Kf2 Ne4+ 33. Ke2 Qh5+ 34. Ke1 Qh4+ 35. Ke2 Qf2+ 36. Kd3 Qxd2+ 37. Kc4
Qd5+ 38. Kb4 Qc5+ 39. Ka4 Bc6# {White checkmated} 0-1

[Event "GambitGuide"]
[Site "Internet Chess Club"]
[Date "2014.10.31"]
[Round "1"]
[White "JSBach"]
[Black "tvu"]
[Result "1-0"]
[ICCResult "Black resigns"]
[WhiteElo "1534"]
[BlackElo "1476"]
[Opening "Vienna: `Frankenstein-Dracula' variation"]
[ECO "C27"]
[NIC "VG.02"]
[Time "02:00:10"]
[TimeControl "120+12"]

1. e4 e5 2. Nc3 Nf6 3. Bc4 Nxe4 4. Qh5 Nd6 5. Bb3 Nc6 6. Nb5 g6 7. Qf3 f5 8.
Qd5 Qe7 9. Nxc7+ Kd8 10. Nxa8 b6 11. Ba4 Bb7 12. Nxb6 axb6 13. Qb3 Kc7 14.
Ne2 Ne4 15. Qb5 Qb4 16. f3 Qxb5 17. Bxb5 Nb4 18. Ba4 b5 19. a3 bxa4 20. axb4
Ng5 21. Rxa4 Bc6 22. Ra5 Bxb4 23. Rxe5 Nf7 24. Re3 Ra8 25. c3 Bd6 26. Nd4
Bc5 27. Rd3 Ne5 28. Re3 Nc4 29. Rd3 Ra1 30. Nb3 Rb1 31. Rf1 d6 32. h4 Bb5
33. Ke2 Nxb2 34. Nxc5 Nxd3 35. Nxd3 d5 36. g3 d4 37. g4 dxc3 38. dxc3 Kd6
39. Bf4+ Kd5 40. Rxb1 {Black resigns} 1-0

[Event "GambitGuide"]
[Site "Internet Chess Club"]
[Date "2014.10.31"]
[Round "1"]
[White "JSBach"]
[Black "HangMySack"]
[Result "1-0"]
[ICCResult "Black resigns"]
[WhiteElo "1534"]
[BlackElo "1692"]
[Opening "Vienna: `Frankenstein-Dracula' variation"]
[ECO "C27"]
[NIC "VG.02"]
[Time "02:01:12"]
[TimeControl "120+12"]

1. e4 e5 2. Nc3 Nf6 3. Bc4 Nxe4 4. Qh5 Nd6 5. Bb3 Nc6 6. Nb5 g6 7. Qf3 f5 8.
Qd5 Qe7 9. Nxc7+ Kd8 10. Nxa8 b6 11. Ba4 Bb7 12. Nxb6 axb6 13. Qb3 Kc7 14.
Ne2 Na5 15. Qg3 Ne4 16. Qh3 Qc5 17. O-O b5 18. Bb3 Nxb3 19. Qxb3 Bd5 20. Qd3
h5 21. b3 h4 22. Bb2 Bd6 23. Nf4 exf4 24. Bxh8 h3 25. gxh3 Ng5 26. b4 Qc6
27. Rfb1 Bh1 28. Qc3 Nxh3+ 29. Qxh3 g5 30. a4 g4 31. axb5 Qb7 32. Qf1 Qg2+
33. Qxg2 {Black resigns} 1-0

[Event "GambitGuide"]
[Site "Internet Chess Club"]
[Date "2014.10.31"]
[Round "1"]
[White "JSBach"]
[Black "NYNH"]
[Result "0-1"]
[ICCResult "White checkmated"]
[WhiteElo "1550"]
[BlackElo "2196"]
[Opening "Vienna: `Frankenstein-Dracula' variation"]
[ECO "C27"]
[NIC "VG.02"]
[Time "02:03:29"]
[TimeControl "120+12"]

1. e4 e5 2. Nc3 Nf6 3. Bc4 Nxe4 4. Qh5 Nd6 5. Bb3 Nc6 6. Nb5 g6 7. Qf3 f5 8.
Qd5 Qe7 9. Nxc7+ Kd8 10. Nxa8 b6 11. Ba4 Bb7 12. Nxb6 axb6 13. Qb3 Kc7 14.
Ne2 Bg7 15. Nc3 Na5 16. Nd5+ Bxd5 17. Qxd5 Qf7 18. Qd3 Qc4 19. Qxc4+ Naxc4
20. d3 Na5 21. Bd2 Nc6 22. Rd1 b5 23. Bb3 Nd4 24. Ba5+ Kb7 25. Bb4 Nxb3 26.
Bxd6 Nd4 27. c3 Ne6 28. Ke2 Kc6 29. Bb4 d5 30. Rhf1 d4 31. c4 bxc4 32. dxc4
e4 33. Kd2 Bh6+ 34. Ke1 d3 35. Bd2 Bg7 36. b4 Nd4 37. Rb1 Ra8 38. a4 Rxa4
39. h4 Nc2+ 40. Kd1 Na3 41. Rc1 Bb2 42. c5 Bxc1 43. Kxc1 Nc2 44. Kb2 Kb5 45.
Kb3 Ra3+ 46. Kb2 Ra8 47. Kb3 Nd4+ 48. Kc3 Ne2+ 49. Kb2 Re8 50. Ra1 f4 51.
Ra7 e3 52. fxe3 fxe3 53. Bxe3 Rxe3 54. Rb7+ Kc6 55. Rb6+ Kc7 56. Rf6 Re4 57.
Rf7+ Kc6 58. Kb3 d2 59. Kc2 Rd4 60. Rf6+ Kc7 61. Rf1 Nc3 62. Kxc3 d1=Q 63.
Rxd1 Rxd1 64. b5 Rg1 65. Kd4 Rxg2 66. Kd5 Rg4 67. b6+ Kb7 68. h5 Rg5+ 69.
Kc4 Rxh5 70. Kb5 Rf5 71. Kc4 h5 72. Kd4 h4 73. c6+ Kxc6 74. b7 Kxb7 75. Kd3
h3 76. Kc2 h2 77. Kc3 h1=Q 78. Kb2 Qh3 79. Kc1 Rf2 80. Kd1 Qh1#
{White checkmated}
0-1

[Event "GambitGuide"]
[Site "Internet Chess Club"]
[Date "2014.10.31"]
[Round "1"]
[White "JSBach"]
[Black "subamaya"]
[Result "1-0"]
[ICCResult "Black resigns"]
[WhiteElo "1550"]
[BlackElo "1960"]
[Opening "Vienna: `Frankenstein-Dracula' variation"]
[ECO "C27"]
[NIC "VG.02"]
[Time "02:13:20"]
[TimeControl "120+12"]

1. e4 e5 2. Nc3 Nf6 3. Bc4 Nxe4 4. Qh5 Nd6 5. Bb3 Nc6 6. Nb5 g6 7. Qf3 f5 8.
Qd5 Qe7 9. Nxc7+ Kd8 10. Nxa8 b6 11. Ba4 Bb7 12. Nxb6 axb6 13. Qb3 Kc7 14.
Ne2 Bg7 15. Nc3 Nd4 16. Nd5+ Bxd5 17. Qxd5 b5 18. Bb3 Rb8 19. d3 b4 20. Qa5+
Rb6 21. Bd2 Nb7 22. Qa8 Qf8 23. Qa7 Qb8 24. Qa4 Nc5 25. Qa5 Bf8 26. Ba4 Nc6
27. Bxc6 dxc6 28. Be3 Nb7 29. Qxb6+ {Black resigns} 1-0